Map: Neon Violet Square LE

Players

SortOf - Winner!

  • Race: Zerg Zerg
  • Spawn Location: 5:00

DeMusliM

  • Race: Terran Terran
  • Spawn Location: 11:00

Event: WCS Leipzig 2018

VOD

Have the link to the VOD?

Description

Time

  • Played on: Jan. 26, 2018, 7:09 a.m.
  • Length: 4:58

All games in this series

Show
View Real Time Build Order
Export as new Build Order

SortOf Zerg - Winner!

Build Orders: Hatch First 

Get SALT Encoding   

  12  0:01  Drone  
  13  0:13  Overlord  
  13  0:18  Drone  
  14  0:32  Drone x2  
  16  0:37  Drone  
  17  0:53  Hatchery  
  17  0:55  Drone  
  17  0:59  Drone  
  18  1:09  Extractor  
  17  1:14  Spawning Pool  
  17  1:18  Drone  
  17  1:20  Drone  
  18  1:29  Drone  
  19  1:40  Drone  
  20  1:50  Overlord  
  20  2:04  Queen x2  
  20  2:05  Zergling x4  
  26  2:09  Metabolic Boost  
  26  2:12  Drone  
  27  2:16  Drone  
  28  2:23  Roach Warren  
  27  2:30  Drone  
  27  2:34  Overlord  
  28  2:39  Overlord  
  26  3:06  Roach x5  
  26  3:07  Roach  
  38  3:17  Overlord  
  38  3:22  Roach  
  38  3:24  Zergling x4  
  38  3:25  Roach  
  44  3:30  Zergling x4  
  46  3:38  Zergling x6  
  49  3:45  Zergling x2  
  49  3:46  Zergling x2  
  51  3:49  Overlord  
  51  3:53  Zergling x2  
  51  3:54  Zergling x2  
  53  4:00  Ravager  
  55  4:02  Zergling x2  
  55  4:03  Zergling x2  
  54  4:12  Zergling x4  
  56  4:18  Zergling x4  
  57  4:27  Zergling x2  
  59  4:31  Zergling x4  
  59  4:35  Zergling x2  
  59  4:36  Zergling x2  
  59  4:37  Ravager  
  59  4:38  Zergling x2  
  60  4:39  Zergling x4  
Show
View Real Time Build Order
Export as new Build Order

DeMusliM Terran 

Build Orders: Command Center First (CC) 

Get SALT Encoding   

  12  0:00  SCV  
  13  0:12  SCV  
  14  0:18  Supply Depot  
  14  0:25  SCV  
  15  0:40  SCV  
  16  0:52  SCV  
  17  1:00  Command Center  
  17  1:04  SCV  
  18  1:14  Barracks  
  18  1:17  SCV  
  19  1:23  Refinery  
  19  1:29  SCV  
  19  1:31  Refinery  
  20  1:41  SCV  
  21  1:53  SCV  
  22  2:01  Reaper  
  22  2:05  Orbital Command  
  23  2:11  Orbital Command  
  23  2:20  Factory  
  23  2:28  Supply Depot  
  23  2:31  SCV  
  23  2:33  Barracks Reactor  
  24  2:37  SCV  
  24  2:44  SCV  
  26  2:49  SCV  
  27  3:03  SCV x2  
  27  3:05  Starport  
  29  3:15  Hellion x2, SCV x2  
  35  3:23  Supply Depot  
  35  3:24  Barracks Tech Lab  
  35  3:27  SCV  
  35  3:28  SCV  
  37  3:36  Hellion x2  
  37  3:40  SCV x2  
  43  3:42  Viking, Marine  
  43  3:46  Supply Depot  
  46  3:52  SCV x2  
  48  3:57  Cyclone  
  48  4:00  Marine  
  52  4:04  Bunker  
  52  4:08  Cyclone  
  55  4:10  SCV x2  
  57  4:22  SCV  
  57  4:23  SCV  
  55  4:27  Viking  
  55  4:30  Hellion  
  56  4:35  SCV  
  52  4:40  Supply Depot  
  52  4:41  Supply Depot  
Tags
 
Add a new tag
Caveats
  • Supply blocks, unpowered buildings, or Contaminate may cause inaccurate times.
  • Supply counts are checked every 10 seconds.